AoeStats
← bluesuitandtie

Baltic

510915017Analyzed
2v2 RM · 12h ago on Oct 3, 2026· 48m 6s· 4 players
Game mode
Random Map
Map size
Medium (4 player)
Population
200
Speed
Normal
Resources
Standard
Victory
Conquest
Starting age
Dark Age
Ending age
Imperial Age
RankedLock teamsTeams togetherTeam positionsShared explorationLock speedFull tech treeHidden civsTurbo modeCheats
Victory
Defeat
🇺🇸 Franks · United States
803
+20
🇺🇸 Vikings · United States
756
+22
🇺🇸 Malay · United States
923
-22
🇨🇦 Huns · Canada
866
-20
bgilly907
13:51 Feudal Age
13:51 Double-Bit Axe
14:38 Loom
15:31 Wheelbarrow
14:48 Fishing Lines
17:51 Castle Age
16:31 Loom
17:30 Stone Mining
17:34 Gold Mining
20:44 Bow Saw
23:46 Thalassocracy
23:52 Horse Collar
27:10 Hand Cart
26:40 Town Watch
26:54 Fletching
27:08 Gillnets
27:07 Man-at-Arms
29:12 Bodkin Arrow
29:17 Padded Archer Armor
29:28 Forging
36:23 Imperial Age
36:54 Conscription
37:11 Forced Levy
37:02 Long Swordsman
38:12 Town Patrol
38:53 Conscription
38:50 Two-Handed Swordsman
42:11 Bracer
42:28 Leather Archer Armor
43:42 Squires
43:27 Arson
44:37 Pikeman
MaximPr
12:07 Feudal Age
12:35 Double-Bit Axe
12:53 Stone Mining
13:13 Loom
13:14 Horse Collar
19:27 Castle Age
19:25 Scale Barding Armor
19:16 Gold Mining
20:51 Bow Saw
21:08 Forging
21:01 Heavy Plow
21:40 Gold Shaft Mining
25:07 Town Watch
30:56 Chain Barding Armor
31:12 Iron Casting
32:57 Pikeman
40:40 Town Patrol
40:57 Town Patrol
41:11 Squires
45:16 Scale Mail Armor
45:53 Iron Casting
48:10 Chain Mail Armor
ray_gapist_69
13:04 Feudal Age
19:55 Castle Age
17:59 Double-Bit Axe
17:57 Horse Collar
22:14 Bow Saw
21:39 Man-at-Arms
22:28 Fishing Lines
22:26 Long Swordsman
22:30 Pikeman
27:40 Scale Mail Armor
41:20 Imperial Age
46:42 Two-Handed Swordsman
bluesuitandtie
11:03 Feudal Age
13:03 Double-Bit Axe
17:29 Castle Age
17:35 Scale Barding Armor
17:47 Forging
19:44 Husbandry
30:17 Chain Barding Armor
38:19 Imperial Age
37:24 Iron Casting
38:20 Cavalier
39:42 Plate Barding Armor
40:07 Blast Furnace
39:41 Paladin
Connection lost

Rejoining the realm…

Still unreachable

The connection could not be restored.

Session expired

The server has moved on; the page needs a fresh start.